 Dungeon Crawl Stone Soup version 0.18.1-8-gdd0e5ea (webtiles) character file.

105 Gagarin the Ruffian (level 4, -5/40 HPs)
             Began as a Ghoul Monk on May 23, 2016.
             Was a Believer of Trog.
             Slain by Marenglen's ghost (10 damage)
             ... on level 3 of the Dungeon.
             The game lasted 00:09:50 (2465 turns).

Gagarin the Ruffian (Ghoul Monk)                    Turns: 2465, Time: 00:09:50

Health: -5/40      AC:  2    Str: 14    XL:     4   Next: 81%
Magic:  3/3        EV:  8    Int:  6    God:    Trog [**....]
Gold:   93         SH:  0    Dex: 11    Spells: 0 memorised, 3 levels left

rFire  . . .     SeeInvis .       - Unarmed
rCold  + . .     Gourm    .     a - +0 robe
rNeg   + + +     Faith    .     (no shield)
rPois  ∞         Spirit   .     (no helmet)
rElec  .         Dismiss  .     (no cloak)
rCorr  .         Reflect  .     (no gloves)
SustAt .         Harm     .     (no boots)
MR     .....                    (no amulet)
Stlth  +.........               (no ring)
                                (no ring)

@: rotting, slowed, glowing, very slow, not resistant to hostile enchantments,
very unstealthy
A: rotting body, claws 1, carnivore 3, cold resistance 1, negative energy
resistance 3, slow regeneration 1, torment resistance, unbreathing
a: Trog's Hand, Burn Spellbooks, Renounce Religion


You were on level 3 of the Dungeon.
You worshipped Trog.
Trog was pleased with you.
You were not hungry.

You visited 1 branch of the dungeon, and saw 3 of its levels.

You collected 93 gold pieces.

Inventory:

Hand Weapons
 i - a +1 dagger of venom
Missiles
 n - 4 javelins (quivered)
Armour
 a - a +0 robe (worn)
Jewellery
 d - a +3 amulet of reflection {unknown}
Wands
 j - a wand of flame (34/48)
 o - a wand of digging (4/24)
Scrolls
 c - a scroll of recharging {unknown}
 e - 6 scrolls of identify {unknown}
 g - a scroll of enchant armour {unknown}
 h - a scroll of remove curse {unknown}
 k - a scroll of teleportation {unknown}
Potions
 m - a potion of curing {unknown}
Comestibles
 b - 3 meat rations
 f - 2 slices of pizza
 l - 4 chunks of flesh


   Skills:
 + Level 3.9 Fighting
 + Level 3.3 Dodging
 + Level 2.8 Stealth
 + Level 5.4 Unarmed Combat


You had 3 spell levels left.
You didn't know any spells.

Dungeon Overview and Level Annotations

Branches:
Dungeon (3/15)

Altars:
Ashenzari
Nemelex Xobeh
Pakellas
Ru
Trog
Zin
The Shining One

Annotations:
D:3 Marenglen's ghost, amateur TrAM


Innate Abilities, Weirdness & Mutations

Your body is rotting away.
You thrive on raw meat.
You are immune to poison.
You have sharp fingernails.
You are carnivorous and can eat meat at any time.
Your flesh is cold resistant.
You are immune to negative energy.
You regenerate slowly when monsters are visible.
You are immune to unholy pain and torment.
You can survive without breathing.


Message History

Marenglen's ghost hits you.
You scratch Marenglen's ghost but do no damage.
Marenglen's ghost is heavily damaged.
Marenglen's ghost shouts, "You will never get the ORB!"
Marenglen's ghost points at you and mumbles some strange words.
You resist with significant effort.
Okay, then.
You closely miss Marenglen's ghost.
Marenglen's ghost is heavily damaged.
Marenglen's ghost hits you!
You claw Marenglen's ghost!
Marenglen's ghost is severely damaged.
Marenglen's ghost hits you!
* * * LOW HITPOINT WARNING * * *
Marenglen's ghost ripples.
Marenglen's ghost gestures at you while chanting.
You feel yourself slow down.
There is a stone staircase leading down here.
Marenglen's ghost hits you!
You die...

....# #.###.# #.........#.. ....#
####..##.####.........#.# ....#
#.....................#.#
....#####.###..#.##############.#
............##.#.# #............#
............##.#.# #.############
............##...###.## #######
....#####.##.)........#####......
....# #......W@................
....# ####..........#####......
##### #..........# #......
#..........# #...... #..........#
####### #..........# #..........#
#..........# ############


You could see Marenglen's ghost.

Vanquished Creatures
  Jessica (D:2)
  A gnoll (D:1)
  2 adders
  An ooze (D:3)
  A worm (D:2)
  4 dart slugs
  A ball python (D:1)
  2 giant cockroaches (D:1)
  6 goblins
  4 hobgoblins
  4 kobolds
  A quokka (D:2)
  2 bats
  2 giant newts (D:3)
  4 rats
36 creatures vanquished.

Vanquished Creatures (others)
  An ice dragon (D:2)
  A bush (D:2)
2 creatures vanquished.

Grand Total: 38 creatures vanquished

Notes
Turn   | Place    | Note
--------------------------------------------------------------
     0 | D:1      | Gagarin the Ghoul Monk began the quest for the Orb.
     0 | D:1      | Reached XP level 1. HP: 19/19 MP: 0/0
   183 | D:1      | Reached XP level 2. HP: 25/26 MP: 1/1
   642 | D:1      | Reached skill level 5 in Unarmed Combat
   859 | D:1      | Reached XP level 3. HP: 30/30 MP: 2/2
  1207 | D:2      | Noticed Jessica
  1220 | D:2      | Killed Jessica
  1220 | D:2      | Reached XP level 4. HP: 38/40 MP: 3/3
  1528 | D:2      | Found an oddly glowing altar of Pakellas.
  1529 | D:2      | Noticed an ice dragon
  1542 | D:2      | Killed an ice dragon
  2226 | D:3      | Noticed Marenglen's ghost (amateur TrAM)
  2304 | D:3      | Found a sacrificial altar of Ru.
  2305 | D:3      | Found a glowing golden altar of the Shining One.
  2305 | D:3      | Found a shattered altar of Ashenzari.
  2305 | D:3      | Found a glowing silver altar of Zin.
  2306 | D:3      | Found a sparkling altar of Nemelex Xobeh.
  2307 | D:3      | Found a bloodstained altar of Trog.
  2334 | D:3      | Became a worshipper of Trog the Wrathful
  2334 | D:3      | Reached * piety under Trog
  2334 | D:3      | Reached ** piety under Trog
  2465 | D:3      | Slain by Marenglen's ghost

Skill      XL: |  1  2  3 |
---------------+----------+-----
Unarmed Combat | 5 |  5.4
Dodging        | 3 |  3.3
Fighting       | |  3.9
Stealth        | |  2.8

Action                   |  1- 3 |  4- 6 || total
-------------------------+-------+-------++-------
Melee: Unarmed           |    67 |    71 ||   138
       Punch             |     3 |       ||     3
 Stab: Sleeping          |     3 |       ||     3
  Eat: Chunk             |     3 |     5 ||     8
Armor: Robe              |     5 |     9 ||    14
Dodge: Dodged            |    37 |    34 ||    71
